 Dungeon Crawl Stone Soup version 0.27-a0-3-gcf006a40f5 (webtiles) character file.

Game seed: 1132406001272220528

61 Conn the Sneak (level 4, -1/27 HPs)
             Began as an Octopode Fire Elementalist on Jan 1, 2021.
             Slain by a goblin
             ... wielding a +0 club
             ... led by Robin
              (2 damage)
             ... on level 3 of the Dungeon.
             The game lasted 00:06:02 (1873 turns).

Conn the Sneak (Octopode Fire Elementalist)         Turns: 1873, Time: 00:06:02

Health: -1/27      AC:  1    Str:  7    XL:     4   Next: 7%
Magic:  0/7        EV: 13    Int: 18    God:
Gold:   163        SH:  0    Dex: 12    Spells: 7/8 levels left

rFire    . . .     SeeInvis .   o - +1 quarterstaff (spect)
rCold    . . .     Faith    .   (shield currently unavailable)
rNeg     . . .     Spirit   +   (helmet restricted)
rPois    .         Reflect  .   g - amulet of guardian spirit
rElec    .         Harm     .   (no ring)
rCorr    .         Rampage  .   (no ring)
Will     .....                  (no ring)
Stlth    +++.......             (no ring)
HPRegen  0.09/turn              (no ring)
MPRegen  0.10/turn              (no ring)
                                (no ring)
                                (no ring)

@: brilliant
A: almost no armour, stealthy swim, amphibious, 8 rings, constrict 8, camouflage
1, gelatinous body 1
a: no special abilities


You were on level 3 of the Dungeon.
You visited 1 branch of the dungeon, and saw 3 of its levels.

You collected 163 gold pieces.

Inventory:

Hand Weapons
 a - a +0 short sword
 o - a +1 spectral quarterstaff (weapon)
 r - a +3 quarterstaff of chaos
Missiles
 f - 3 atropa-tipped darts
 p - 8 poisoned darts (quivered)
Jewellery
 g - an amulet of guardian spirit (around mantle)
Scrolls
 b - 3 scrolls of teleportation {unknown}
 h - a scroll of amnesia {unknown}
 k - a scroll of identify {unknown}
 l - a scroll of magic mapping {unknown}
 q - a scroll of remove curse
Potions
 e - a potion of brilliance
 i - a potion of magic
 j - a potion of ambrosia {unknown}
 m - a potion of might {unknown}
 n - a potion of flight {unknown}


   Skills:
 + Level 0.2 Fighting
 + Level 1.0 Staves
 + Level 0.1 Throwing
 + Level 2.1 Dodging
 + Level 3.4 Stealth
 + Level 2.5 Spellcasting
 + Level 1.8 Conjurations
 + Level 3.3 Fire Magic


You had 7 spell levels left.
You knew the following spells:

 Your Spells              Type           Power        Failure   Level
a - Foxfire               Conj/Fire      68%          6%          1

Your spell library contained the following spells:

 Spells                   Type           Power        Failure   Level
 Conjure Flame            Conj/Fire      17%          19%         3
 Inner Flame              Hex/Fire       12%          26%         3
 Sticky Flame             Conj/Fire      17%          52%         4
 Fireball                 Conj/Fire      8%           86%         5


Dungeon Overview and Level Annotations

Branches:
Dungeon (3/15)

Altars:

Annotations:
D:3 Robin


Innate Abilities, Weirdness & Mutations

You cannot wear most types of armour.
You are very stealthy in the water. (Stealth+)
You are amphibious.
You can wear up to eight rings at the same time.
You can use your tentacles to constrict eight enemies at once.
Your skin changes colour to match your surroundings (Stealth+).
Your rubbery body absorbs attacks. (AC +1, EV +1)


Message History

The hobgoblin shouts!
The goblin hits you but does no damage.
Okay, then.
Okay, then.
Unknown command.
Robin throws the goblin at you!
As you read the scroll labelled TATZA KY FY LUUSH, it crumbles to dust.
You feel blessed for a moment.
It was a scroll of remove curse.
The goblin closely misses you. The goblin hits you with a +0 club!
* * * LOW HITPOINT WARNING * * *
The hobgoblin hits you but does no damage.
Robin says, "Bow before me, strongest of all the hobgoblins!"
Robin hits you with a +0 falchion.
* * * LOW HITPOINT WARNING * * *
The goblin barely misses you.
Okay, then.
As you read the scroll labelled VAEKOD UPNI, it crumbles to dust.
The scroll dissolves into smoke.
It was a scroll of fog.
The goblin barely misses you. The goblin hits you with a +0 club.
You die...

#.## # ....## ##. .#
(.##.###.# ## .#
......#..# #. # .#
....##...##. .#.#
)........#^# #..#
....###..#.# #§§#
....###....## ##g#
....g...###.###g@##
....###..#.#..§ggg###
.#####.♣♣.♣...§§§§§.#
.# #g♣♣♣♣♣♣.(....#<#
.####...♣♣♣.♣♣♣..##.#
....g♣....♣♣ ♣...##.#
...g..♣♣.♣♣ ♣♣..##.#
......♣ ♣♣ ...##.#
......♣ ♣♣..##.#


You could see Robin, a hobgoblin and 3 goblins.

Vanquished Creatures
  Crazy Yiuf (D:2)
  A dart slug (D:1)
  A giant cockroach (D:1)
  9 goblins
  3 hobgoblins
  3 jackals (D:1)
  4 kobolds
  A ball python (D:1)
  3 bats
  2 frilled lizards
  2 rats
30 creatures vanquished.

Vanquished Creatures (others)
  69 foxfires
  3 plants (D:3)
72 creatures vanquished.

Grand Total: 102 creatures vanquished

Notes
Turn   | Place    | Note
-------+----------+-------------------------------------------
     0 | D:1      | Conn the Octopode Fire Elementalist began the quest for the
                  | Orb.
     0 | D:1      | Reached XP level 1. HP: 11/11 MP: 3/3
   277 | D:1      | Reached XP level 2. HP: 17/17 MP: 5/5
  1297 | D:2      | Found a runed translucent door.
  1298 | D:2      | Noticed Crazy Yiuf
  1331 | D:2      | Killed Crazy Yiuf
  1332 | D:2      | Reached XP level 3. HP: 8/21 MP: 2/6
  1690 | D:3      | Noticed Robin
  1692 | D:3      | Reached skill level 1 in Staves
  1692 | D:3      | Reached XP level 4. HP: 27/27 MP: 0/7
  1872 | D:3      | HP: 1/27 [Robin/+0 falchion (5)]
  1873 | D:3      | Slain by a goblin

Illustrated notes

Levels and vault maps discovered:
D:1:      erik_arrival_triangle_small, layout_basic
D:2:      layout_rooms, minmay_misc_feat_x, uniq_crazy_yiuf_cottage
D:3:      layout_loops_ring, serial_bayou, serial_bayou_lagoon_a,
          serial_bayou_lagoon_b, serial_bayou_pond_e, serial_bayou_crossing,
          chequers_ecumenical_altar_grove, st_stairs_6,
          minmay_increasing_density, uniq_robin

Skill      XL: |  1  2  3 |
---------------+----------+-----
Stealth        | 3 |  3.4
Staves         | 1 |  1.0
Fighting       | |  0.2
Throwing       | |  0.1
Dodging        | |  2.1
Spellcasting   | |  2.5
Conjurations   | |  1.8
Fire Magic     | |  3.3

Action                   |  1- 3 |  4- 6 || total
-------------------------+-------+-------++-------
Melee: Unarmed           |     5 |       ||     5
       Constrict         |     5 |     1 ||     6
       Tentacles         |     3 |       ||     3
       Short sword       |     4 |       ||     4
       Quarterstaff      |     9 |     6 ||    15
Throw: Dart              |     5 |       ||     5
 Cast: Foxfire           |    35 |     2 ||    37
  Use: Potion            |       |     3 ||     3
       Scroll            |       |     2 ||     2
 Stab: Sleeping          |     5 |       ||     5
Armor: Skin              |       |     1 ||     1
Dodge: Dodged            |     8 |     6 ||    14

Table legend: (Time is in decaauts)
 A = Elapsed time spent in this place.
 B = Non-inter-level travel time spent in this place.
 C = Inter-level travel time spent in this place.
 D = Time resting spent in this place.
 E = Time spent auto-exploring this place.
 F = Levels seen in this place.
 G = Mean time per level.
                   A        B        C        D        E       F      G
               +--------+--------+--------+--------+--------+-----+--------+
         Total |   1877 |   1819 |     58 |    329 |    967 |   3 |  625.7 |
       Dungeon |   1877 |   1819 |     58 |    329 |    967 |   3 |  625.7 |
               +--------+--------+--------+--------+--------+-----+--------+

Top non-repeatable levels by time:
     D:1: 963 daAuts
     D:2: 806 daAuts
     D:3: 106 daAuts
